 Dungeon Crawl Stone Soup version 0.22.1-2-g9c5b331383 (webtiles) character file.

1523 Jerry the Chopper (level 8, 0/65 HPs)
             Began as a Demonspawn Fighter on Dec 18, 2018.
             Was a Follower of Makhleb.
             Slain by an unseen horror (4 damage)
             ... on level 7 of the Dungeon.
             The game lasted 00:22:11 (8231 turns).

Jerry the Chopper (Demonspawn Fighter)              Turns: 8231, Time: 00:22:12

Health: 0/65       AC: 11    Str: 20    XL:     8   Next: 54%
Magic:  11/11      EV: 10    Int:  9    God:    Makhleb [*.....]
Gold:   277        SH:  0    Dex: 14    Spells: 7/7 levels left

rFire    + + .     SeeInvis .   a - +1 war axe
rCold    + . .     Gourm    .   (no shield)
rNeg     . . .     Faith    .   k - +4 ring mail
rPois    .         Spirit   .   (helmet restricted)
rElec    .         Reflect  .   l - scarf {rC+ rF+}
rCorr    .         Harm     .   (no gloves)
MR       .....                  (no boots)
Stlth    +.........             (no amulet)
HPRegen  0.20/turn              m - ring of protection from fire
MPRegen  0.12/turn              y - +2 ring of dexterity

@: hasted, very quick
A: antennae 2, rugged brown scales 1, demonic guardian 1
a: Renounce Religion


You were on level 7 of the Dungeon.
You worshipped Makhleb.
Makhleb was aware of your devotion.
You were not hungry.

You visited 1 branch of the dungeon, and saw 7 of its levels.

You collected 277 gold pieces.

Inventory:

Hand Weapons
 a - a +1 war axe (weapon)
Missiles
 g - 5 javelins of penetration (quivered)
Armour
 c - a +0 shield
 k - a +4 ring mail (worn)
 l - a scarf of resistance (worn)
Jewellery
 j - an uncursed ring of flight
 m - a ring of protection from fire (left hand)
 y - a +2 ring of dexterity (right hand)
Wands
 s - a wand of enslavement (17)
Scrolls
 h - a scroll of enchant weapon
 i - a scroll of fear
 n - a scroll of teleportation
 o - a scroll of remove curse
 q - 5 scrolls of identify
 u - a scroll of amnesia {unknown}
 w - a scroll of blinking {unknown}
Potions
 d - a potion of might
 e - 2 potions of curing
 p - a potion of magic {unknown}
 r - a potion of heal wounds {unknown}
 t - a potion of flight {unknown}
 v - 2 potions of berserk rage {unknown}
Comestibles
 f - 13 rations
 x - 7 chunks of flesh


   Skills:
 + Level 5.9 Fighting
 * Level 6.8 Axes
 + Level 5.3 Armour
 - Level 2.6 Shields
 + Level 4.1 Invocations


You had 7 spell levels left.
You didn't know any spells.
Your spell library was empty.

Dungeon Overview and Level Annotations

Branches:
Dungeon (7/15)             Temple (0/1) D:5

Altars:
Ashenzari
Dithmenos
Fedhas
Kikubaaqudgha
Makhleb
Nemelex Xobeh
Ru
Trog
Wu Jian
Zin
The Shining One

Shops:
D:7 =


Innate Abilities, Weirdness & Mutations

You have a pair of antennae on your head.
You are partially covered in rugged brown scales. (AC +1, +3% HP)
A weak demonic guardian rushes to your aid.


Message History

Something hits you but does no damage.
You barely miss something. Something hits you!
* * * LOW HITPOINT WARNING * * *
Something hits you but does no damage. x2
You hit something but do no damage. Something hits you.
* * * LOW HITPOINT WARNING * * *
You hit something. Something hits you.
* * * LOW HITPOINT WARNING * * *
Something hits you.
* * * LOW HITPOINT WARNING * * *
You hit something. Something hits you but does no damage.
Something completely misses you.
You miss something. Something hits you but does no damage.
You feel yourself speed up. Something hits you but does no damage.
Something hits you.
* * * LOW HITPOINT WARNING * * *
Something hits you!
* * * LOW HITPOINT WARNING * * *
You miss something. Something hits you.
You die...

#######...#####
#........#...#..<.
#.............))..
#######..........#.#.###
.................#.#.##.
.................#.#.##.
........#####+#..#.#....
........# #..#.#....
.......@# ####.#.##.
.......{##### .......
#######.....##########..
#......)..........
####......######.....
######...#####.....###.#.#
.........# #.....###....
.........# #.....+.....#
.........# #.....#######


There were no monsters in sight!

Vanquished Creatures
  Prince Ribbit (D:5)
  An orc warrior (D:4)
  An ice beast (D:5)
  A hornet zombie (D:6)
  A sky beast (D:6)
  A bullfrog (D:6)
  2 scorpions
  A howler monkey (D:4)
  2 orc priests
  A bullfrog skeleton (D:5)
  2 hounds
  4 orc wizards (D:7)
  Jessica (D:2)
  3 iguanas
  3 worker ants
  A worker ant zombie (D:5)
  7 gnolls (D:5)
  7 adders
  2 oozes (D:2)
  An adder skeleton (D:6)
  A dart slug (D:2)
  4 leopard geckos
  17 orcs
  8 bats
  6 giant cockroaches
  8 goblins
  11 hobgoblins
  7 jackals
  11 kobolds
  2 quokkas
  3 ball pythons
  4 frilled lizards
  A jackal skeleton (D:5)
  A leopard gecko skeleton (D:4)
  A leopard gecko zombie (D:5)
  A quokka skeleton (D:6)
  8 rats
137 creatures vanquished.

Vanquished Creatures (collateral kills)
  An ogre (D:4)
  An orc wizard (D:4)
  2 iguanas (D:4)
  An orc (D:4)
5 creatures vanquished.

Grand Total: 142 creatures vanquished

Notes
Turn   | Place    | Note
-------+----------+-------------------------------------------
     0 | D:1      | Jerry the Demonspawn Fighter began the quest for the Orb.
     0 | D:1      | Reached XP level 1. HP: 18/18 MP: 1/1
    95 | D:1      | Reached skill level 2 in Axes
   170 | D:1      | Gained mutation: A weak demonic guardian rushes to your
                  | aid. [demonic ancestry]
   170 | D:1      | Reached XP level 2. HP: 22/24 MP: 2/2
   964 | D:1      | Gained mutation: You have a pair of small antennae on your
                  | head. [demonic ancestry]
   964 | D:1      | Reached XP level 3. HP: 28/29 MP: 3/3
  1336 | D:2      | Noticed Jessica
  1342 | D:2      | Killed Jessica
  1342 | D:2      | Reached skill level 3 in Axes
  1349 | D:2      | Gained mutation: You are partially covered in rugged brown
                  | scales. (AC +1, +3% HP) [demonic ancestry]
  1349 | D:2      | Reached XP level 4. HP: 15/36 MP: 4/4
  2499 | D:2      | Gained mutation: You have a pair of antennae on your head.
                  | [demonic ancestry]
  2499 | D:2      | Reached XP level 5. HP: 42/43 MP: 5/5
  2522 | D:2      | Found a glowing golden altar of the Shining One.
  2522 | D:2      | Found a sacrificial altar of Ru.
  2811 | D:3      | Found an ornate altar of the Wu Jian Council.
  2811 | D:3      | Found a burning altar of Makhleb.
  2812 | D:3      | Found a glowing silver altar of Zin.
  2812 | D:3      | Found a shattered altar of Ashenzari.
  2813 | D:3      | Found a bloodstained altar of Trog.
  2813 | D:3      | Found a sparkling altar of Nemelex Xobeh.
  2813 | D:3      | Found an ancient bone altar of Kikubaaqudgha.
  2984 | D:3      | Found a shadowy altar of Dithmenos.
  3448 | D:3      | Found a blossoming altar of Fedhas.
  3736 | D:3      | Became a worshipper of Makhleb the Destroyer
  3778 | D:4      | Reached skill level 4 in Axes
  3928 | D:4      | Noticed an orc warrior
  3936 | D:4      | Reached XP level 6. HP: 4/49 MP: 6/6
  4241 | D:4      | Killed an orc warrior
  5057 | D:4      | Reached skill level 5 in Axes
  5061 | D:4      | Reached XP level 7. HP: 35/56 MP: 7/7
  5364 | D:5      | Entered Level 5 of the Dungeon
  5539 | D:5      | Found an ornate altar of the Wu Jian Council.
  5607 | D:5      | Reached skill level 1 in Invocations
  5623 | D:5      | Reached * piety under Makhleb
  5641 | D:5      | Noticed Prince Ribbit
  5653 | D:5      | Killed Prince Ribbit
  5653 | D:5      | Reached skill level 5 in Fighting
  6380 | D:5      | Found a staircase to the Ecumenical Temple.
  6609 | D:6      | Reached skill level 6 in Axes
  6609 | D:6      | Reached XP level 8. HP: 63/63 MP: 8/10
  6900 | D:6      | Reached skill level 5 in Armour
  7535 | D:7      | Found Foafuist's Book Shoppe.
  7543 | D:7      | Found Oweith's Jewellery Shoppe.
  8231 | D:7      | Slain by an unseen horror

Skill      XL: |  1  2  3  4  5  6  7  8 |
---------------+-------------------------+-----
Axes           | 2 3 4 5 6 |  6.8
Armour         | 3 4 5 |  5.3
Fighting       | 4 5 |  5.9
Invocations    | 2 4 |  4.1
Shields        | |  2.6

Action                   |  1- 3 |  4- 6 |  7- 9 || total
-------------------------+-------+-------+-------++-------
Melee: War axe           |   108 |   248 |   188 ||   544
  Use: Scroll            |       |       |     6 ||     6
       Potion            |       |       |     3 ||     3
 Stab: Distracted        |       |     1 |       ||     1
  Eat: Chunk             |     2 |     8 |     7 ||    17
       Ration            |       |     1 |     1 ||     2
Armor: Scale mail        |    70 |    58 |       ||   128
       Ring mail         |       |    70 |    88 ||   158
Dodge: Dodged            |    92 |   156 |    86 ||   334
